 Dungeon Crawl Stone Soup version 0.21-a0-508-gf08a75f (webtiles) character file.

33635 tidbits the Thaumaturge (level 13, -6/108 HPs)
             Began as a Gnoll Earth Elementalist on Nov 28, 2017.
             Was the Champion of Cheibriados.
             Mangled by an eight-headed hydra (7 damage)
             ... on level 4 of the Swamp.
             The game lasted 01:12:10 (6192 turns).

tidbits the Thaumaturge (Gnoll Earth Elementalist)  Turns: 6192, Time: 01:12:11

Health: -6/108     AC:  4    Str: 26    XL:     13   Next: 72%
Magic:  0/35       EV: 23    Int: 36    God:    Cheibriados [******]
Gold:   405        SH:  0    Dex: 32    Spells: 2/31 levels left

rFire    . . .     SeeInvis .   l - +4 scimitar (flame)
rCold    + . .     Gourm    .   (no shield)
rNeg     . . .     Faith    .   I - +0 leather armour {rPois}
rPois    +         Spirit   +   (helmet restricted)
rElec    .         Reflect  .   q - scarf {Spirit}
rCorr    .         Harm     .   (no gloves)
MR       .....                  (no boots)
Stlth    +++++.....             (no amulet)
HPRegen  1.28/turn              s - ring of protection from cold
MPRegen  0.24/turn              w - ring of magical power

@: flying, regenerating, very slow
A: distributed training, antennae 1, fangs 1, hooves 1, robust 1, screaming 1,
wild magic 1, strong nose
a: Bend Time, Temporal Distortion, Slouch, Step From Time, Renounce Religion


You were on level 4 of the Swamp.
You worshipped Cheibriados.
Cheibriados was exalted by your worship.
You were not hungry.

You visited 5 branches of the dungeon, and saw 21 of its levels.
You also visited: Sewer.

You collected 925 gold pieces.
You spent 520 gold pieces at shops.

Inventory:

Hand Weapons
 a - a +5 hand axe of venom
   (You took it off an orc on level 4 of the Dungeon)
 b - the +8 spear "Rahymn" {elec, Int+2}
   (You found it on level 3 of the Lair of Beasts)

   Occasionally, upon striking a foe, it will discharge some electrical energy
   and cause terrible harm.
   It affects your intelligence (+2).
 g - a cursed +0 blowgun
 l - a +4 scimitar of flaming (weapon)
   (You took it off Erica on level 8 of the Dungeon)
 C - a +0 shortbow of velocity
   (You took it off a centaur on level 6 of the Dungeon)
 F - the +0 quarterstaff "Ifowolor" {holy, rElec rF- rC- Str+8}
   (You found it on level 7 of the Dungeon)

   It has been blessed by the Shining One to cause great damage to the undead
   and demons.
   It affects your strength (+8).
   It makes you vulnerable to fire.
   It makes you vulnerable to cold.
   It insulates you from electricity.
 K - a +2 flail of holy wrath
   (You took it off an orc on level 11 of the Dungeon)
 L - a +2 quarterstaff of draining
   (You took it off Joseph on level 8 of the Dungeon)
 Z - a +2 whip of electrocution
   (You took it off Pikel on level 8 of the Dungeon)
Missiles
 o - 136 stones
 G - 15 tomahawks (quivered)
 P - 13 curare-tipped needles
Armour
 k - a cursed -2 ring mail
 q - a scarf of spirit shield (worn)
   (You found it on level 1 of the Lair of Beasts)
 y - a +1 robe of cold resistance
   (You took it off Jorgrun on level 2 of the Swamp)
 D - a +0 troll leather armour
 I - a +0 leather armour of poison resistance (worn)
   (You found it on level 6 of the Dungeon)
Jewellery
 p - an uncursed ring of protection from fire
   (You found it on level 3 of the Lair of Beasts)
 s - a ring of protection from cold (left hand)
   (You found it on level 2 of the Lair of Beasts)
 w - a ring of magical power (right hand)
   (You found it on level 5 of the Dungeon)
Wands
 m - a wand of iceblast (15)
 E - a wand of paralysis (7)
 X - a wand of clouds (3)
Scrolls
 e - a scroll of immolation {unknown}
 r - 4 scrolls of remove curse
 u - a scroll of amnesia
 x - 5 scrolls of teleportation
 A - 4 scrolls of enchant armour
 J - 4 scrolls of fog
 R - a scroll of noise {unknown}
 S - 2 scrolls of enchant weapon
 V - a scroll of brand weapon {unknown}
 Y - 3 scrolls of magic mapping {unknown}
Potions
 f - 6 potions of heal wounds {unknown}
 h - 2 potions of resistance {unknown}
 j - 2 potions of berserk rage {unknown}
 n - 5 potions of cancellation {unknown}
 t - 7 potions of curing
 z - 2 potions of flight
 H - 3 potions of agility
 N - 3 potions of might
 Q - a potion of ambrosia
 T - a potion of magic
Comestibles
 d - 10 bread rations
 v - 14 royal jellies
 M - 9 meat rations


   Skills:
 + Level 8.4 Fighting
 + Level 8.4 Short Blades
 + Level 8.4 Long Blades
 + Level 8.4 Axes
 + Level 8.4 Maces & Flails
 + Level 8.4 Polearms
 + Level 8.4 Staves
 + Level 8.4 Slings
 + Level 8.4 Bows
 + Level 8.4 Crossbows
 + Level 8.4 Throwing
 + Level 8.4 Armour
 + Level 9.6 Dodging
 + Level 9.4 Stealth
 + Level 8.4 Shields
 + Level 8.4 Unarmed Combat
 + Level 9.8 Spellcasting
 + Level 7.0 Conjurations
 + Level 7.0 Hexes
 + Level 7.0 Charms
 + Level 7.0 Summonings
 + Level 7.0 Necromancy
 + Level 7.0 Translocations
 + Level 7.3 Transmutations
 + Level 7.0 Fire Magic
 + Level 7.0 Ice Magic
 + Level 7.0 Air Magic
 + Level 9.0 Earth Magic
 + Level 7.0 Poison Magic
 + Level 9.2 Invocations
 + Level 8.4 Evocations


You had 2 spell levels left.
You knew the following spells:

 Your Spells              Type           Power        Failure   Level  Hunger
a - Sandblast             Erth           ######       1%          1    None
e - Stone Arrow           Conj/Erth      ######       1%          3    None
g - Shroud of Golubria    Chrm/Tloc      ######....   1%          2    None
l - Lee's Rapid Deconstr  Erth           #######...   3%          5    ##.....
p - Petrify               Tmut/Erth      #######.     1%          4    None
r - Regeneration          Chrm/Necr      ######....   1%          3    None
w - Spectral Weapon       Hex/Chrm       ######..     1%          3    None
y - Song of Slaying       Chrm           ######..     1%          2    None
L - Summon Lightning Spi  Summ/Air       ######..     2%          4    None
P - Passwall              Tmut/Erth      #######...   1%          2    None


Dungeon Overview and Level Annotations

Branches:
Dungeon (11/15)            Temple (1/1) D:7            Lair (4/6) D:11
  Swamp (4/4) Lair:3        Snake (0/4) Lair:3          Orc (1/2) D:11

Altars:
Cheibriados
Elyvilon
Fedhas
Makhleb
Qazlal
Ru
Trog
Uskayaw
Vehumet
Wu Jian
Xom
Zin

Shops:
D:11 :


Innate Abilities, Weirdness & Mutations

Your experience applies equally to all skills.
You have very sharp teeth.
Your uncanny sense of smell can sniff out nearby items.
You have a pair of small antennae on your head.
You have large cloven feet.
You are robust. (+10% HP)
You occasionally shout uncontrollably at your foes.
Your spells are a little harder to cast, but a little more powerful.


Message History

Casting: Shroud of Golubria
Confirm with . or Enter, or press ? or * to list all spells.
Aiming: Summon Lightning Spire
Press: ? - help, Dir - move target cursor An electric hum fills the air. 2 swamp drakes come into view.
Your unstable footing causes you to fumble your attack.
The swamp drake breathes noxious fumes at you.
The noxious blast engulfs your lightning spire.
Your lightning spire appears unharmed.
The swamp drake moves out of view.
The eight-headed hydra misses you. The eight-headed hydra bites you! x2
The eight-headed hydra closely misses you.
The eight-headed hydra barely misses you.
The eight-headed hydra closely misses you.
The eight-headed hydra bites you.
The eight-headed hydra completely misses you.
Your lightning spire shoots out a bolt of lightning at the swamp drake!
The bolt of electricity hits the swamp drake.
A swamp dragon comes into view.
Unknown command.
Your unstable footing causes you to fumble your attack.
The blink frog is engulfed in noxious fumes.
The blink frog appears confused.
The blink frog completely misses you. The eight-headed hydra bites you!
The eight-headed hydra bites you but does no damage.
The eight-headed hydra barely misses you.
The eight-headed hydra closely misses you. x2
The eight-headed hydra misses you.
The eight-headed hydra completely misses you.
The eight-headed hydra bites you!
A blink frog comes into view.
Okay, then.
Unknown command.
You feel very buoyant.
You fly up into the air.
The blink frog is engulfed in noxious fumes.
The blink frog appears confused.
The blink frog completely misses you.
You riposte.
You catch the helpless blink frog completely off-guard!
You hit the blink frog. You burn the blink frog.
The blink frog gives a loud, deep croak!
You kick the blink frog! You bite the blink frog.
The blink frog is heavily wounded.
Your lightning spire shoots out a bolt of lightning at the swamp drake!
The bolt of electricity hits the swamp drake.
The eight-headed hydra completely misses you.
The eight-headed hydra bites you.
The eight-headed hydra barely misses you.
The eight-headed hydra bites you. The eight-headed hydra bites you! x2
* * * LOW HITPOINT WARNING * * *
The eight-headed hydra bites you!
* * * LOW HITPOINT WARNING * * *
The eight-headed hydra misses you.
The blink frog is engulfed in noxious fumes.
The blink frog appears confused.
You hear a croak.
A blink frog comes into view.
Press: ? - help, v - describe, . - travel
Here: an eight-headed hydra (noxious fumes)
The floor.
Unknown command.
As you read the scroll of fear, it crumbles to dust.
You assume a fearsome visage.
Your lightning spire is unaffected.
The swamp dragon looks frightened!
The swamp drake looks frightened!
The eight-headed hydra resists with some effort.
The swamp drake looks frightened!
The blink frog looks frightened! x3
The blink frog blinks!
Your lightning spire shoots out a bolt of lightning at the swamp drake!
The bolt of electricity misses the swamp drake.
The bolt of electricity hits the swamp dragon.
Your lightning spire's attack snaps the swamp dragon out of its fear.
The eight-headed hydra bites you but does no damage.
The eight-headed hydra bites you.
* * * LOW HITPOINT WARNING * * *
The eight-headed hydra bites you!
* * * LOW HITPOINT WARNING * * *
The eight-headed hydra bites you!
* * * LOW HITPOINT WARNING * * *
The eight-headed hydra completely misses you.
The eight-headed hydra misses you.
The eight-headed hydra completely misses you.
The eight-headed hydra misses you.
The blink frog blinks!
Unknown command.
Okay, then.
Okay, then.
Okay, then.
Unknown command.
Okay, then.
Okay, then.
Evoke which item? (* to show all) (? for menu, Esc to quit)
Aiming: Paralyse
Press: ? - help, Shift-Dir - straight line, f - eight-headed hydra
Aim: an eight-headed hydra (chance to defeat MR: 34%)
The eight-headed hydra easily resists.
The blink frog blinks!
The eight-headed hydra bites you!
* * * LOW HITPOINT WARNING * * *
The eight-headed hydra bites you!
You die...

♣...≈≈.≈≈♣≈.≈≈≈≈≈≈
♣.§..§≈♣##♣♣.≈≈.≈≈
♣♣♣♣F≈♣# ♣♣≈≈≈.
♣♣.F♣# ♣≈≈. ♣.§♣#
∆ ♣≈ ♣♣≈♣# ♣F.#
♣†♣# ♣@♣# ♣D8#
≈.≈...§≈.♣
.....≈!.≈≈§
≈♣.....D.kk♣
♣♣...≈≈.§F≈≈
♣≈...§.≈♣♣..
..≈≈≈≈≈..


kD♣ ♣♣.(♣♣....≈ .≈ You could see an eight-headed hydra, 2 swamp dragons, 4 blink
frogs, 3 swamp drakes and a friendly lightning spire.

Vanquished Creatures
  Jorgrun (Swamp:2)
  4 hydras
  Fannar (Lair:1)
  3 two-headed ogres
  Erica (D:8)
  2 alligators
  A swamp dragon (Swamp:3)
  A deep elf mage (D:5)
  Pikel (D:8)
  A cyclops (D:11)
  A centaur zombie (D:10)
  4 black mambas
  The ghost of anet the Magician, a novice DEWz (D:7)
  Joseph (D:8)
  5 spiny frogs
  A torpor snail (Lair:4)
  3 komodo dragons
  2 trolls (D:9)
  3 tyrant leeches
  3 blink frogs (Lair:2)
  3 hornets
  2 bog bodies
  7 hippogriffs
  A dream sheep (Lair:4)
  18 yaks
  The ghost of Goblin1989 the Ruffian, an amateur TrHu (D:4)
  A wyvern (D:10)
  A steam dragon (D:6)
  2 hungry ghosts
  A basilisk (Lair:3)
  6 swamp worms
  3 vampire mosquitoes (D:11)
  A soldier ant (D:8)
  10 water moccasins
  4 porcupines
  2 hell hounds (D:11)
  3 sky beasts
  5 orc warriors
  2 swamp drakes
  A slave (D:8)
  An ice beast (D:7)
  6 ogres
  A phantom (D:4)
  5 centaurs
  4 crocodiles
  A big kobold (Sewer)
  10 bullfrogs
  3 scorpions
  3 killer bees (D:10)
  5 wights (D:9)
  2 electric eels (Lair:3)
  2 crimson imps
  2 centaur skeletons (D:8)
  2 hounds
  A jelly (D:8)
  10 orc priests
  A bullfrog zombie (D:8)
  11 orc wizards
  A bullfrog skeleton (D:7)
  2 iguanas
  8 worker ants
  A worker ant zombie (D:10)
  A howler monkey zombie (D:5)
  10 gnolls
  15 adders
  2 river rats (Sewer)
  2 shadow imps (D:8)
  An ooze (D:4)
  2 adder skeletons
  2 worms (D:4)
  2 dart slugs
  3 leopard geckos
  48 orcs
  12 bats
  6 giant cockroaches
  10 goblins
  8 hobgoblins
  2 jackals
  A quokka (D:4)
  5 frilled lizards
  A jackal skeleton (D:4)
  12 kobolds
  A leopard gecko skeleton (D:5)
  2 quokka skeletons
  4 rats
  2 fungi
  A plant (Lair:3)
351 creatures vanquished.

Vanquished Creatures (collateral kills)
  A thorn hunter (Swamp:4)
  A hydra (Lair:3)
  An alligator (Swamp:2)
  A komodo dragon (Swamp:2)
  2 blink frogs (Swamp:4)
  3 bog bodies
  A dream sheep (Lair:4)
  A yak (Lair:3)
  2 porcupines
  A plant (Lair:3)
14 creatures vanquished.

Vanquished Creatures (others)
  A slave (D:8)
  A worker ant (D:8)
  A briar patch (Swamp:4)
  17 fungi
  2 plants
  A spectral weapon (Swamp:2)
  13 toadstools (D:5)
36 creatures vanquished.

Grand Total: 401 creatures vanquished

Notes
Turn   | Place    | Note
-------+----------+-------------------------------------------
     0 | D:1      | tidbits the Gnoll Earth Elementalist began the quest for the Orb.
     0 | D:1      | Reached XP level 1. HP: 13/13 MP: 6/6
    93 | D:2      | Reached skill level 2 in Transmutations
    93 | D:2      | Reached XP level 2. HP: 20/20 MP: 4/7
    97 | D:2      | Learned a level 2 spell: Passwall
   185 | D:3      | Found a radiant altar of Vehumet.
   324 | D:2      | Reached skill level 5 in Spellcasting
   324 | D:2      | Reached XP level 3. HP: 25/25 MP: 5/9
   437 | D:3      | Reached skill level 1 in Invocations
   460 | D:4      | Reached skill level 1 in Fighting
   460 | D:4      | Reached skill level 1 in Short Blades
   460 | D:4      | Reached skill level 1 in Long Blades
   460 | D:4      | Reached skill level 1 in Axes
   460 | D:4      | Reached skill level 1 in Maces & Flails
   460 | D:4      | Reached skill level 1 in Polearms
   460 | D:4      | Reached skill level 1 in Staves
   460 | D:4      | Reached skill level 1 in Slings
   460 | D:4      | Reached skill level 1 in Bows
   460 | D:4      | Reached skill level 1 in Crossbows
   460 | D:4      | Reached skill level 1 in Throwing
   460 | D:4      | Reached skill level 1 in Armour
   460 | D:4      | Reached skill level 1 in Shields
   460 | D:4      | Reached skill level 1 in Unarmed Combat
   460 | D:4      | Reached skill level 1 in Evocations
   460 | D:4      | Reached XP level 4. HP: 32/32 MP: 7/11
   470 | D:5      | Entered Level 5 of the Dungeon
   481 | D:5      | Noticed a sky beast
   489 | D:5      | Killed a sky beast
   489 | D:5      | Reached skill level 1 in Conjurations
   489 | D:5      | Reached skill level 1 in Hexes
   489 | D:5      | Reached skill level 1 in Charms
   489 | D:5      | Reached skill level 1 in Summonings
   489 | D:5      | Reached skill level 1 in Necromancy
   489 | D:5      | Reached skill level 1 in Translocations
   489 | D:5      | Reached skill level 1 in Fire Magic
   489 | D:5      | Reached skill level 1 in Ice Magic
   489 | D:5      | Reached skill level 1 in Air Magic
   489 | D:5      | Reached skill level 1 in Poison Magic
   489 | D:5      | Reached XP level 5. HP: 24/37 MP: 3/12
   492 | D:5      | Gained mutation: You are robust. (+10% HP) [mutagenic meat]
   493 | D:5      | Gained mutation: You occasionally shout uncontrollably at your foes. [mutagenic meat]
   494 | D:5      | Gained mutation: You have a pair of small antennae on your head. [mutagenic meat]
   495 | D:5      | Gained mutation: Your spells are a little harder to cast, but a little more powerful. [mutagenic meat]
   496 | D:5      | Gained mutation: You have large cloven feet. [mutagenic meat]
   526 | D:5      | Noticed a deep elf mage
   538 | D:5      | Reached skill level 2 in Invocations
   538 | D:5      | Reached XP level 6. HP: 33/48 MP: 4/13
   605 | D:5      | Found a blossoming altar of Fedhas.
   618 | D:5      | Reached skill level 2 in Fighting
   618 | D:5      | Reached skill level 2 in Short Blades
   618 | D:5      | Reached skill level 2 in Long Blades
   618 | D:5      | Reached skill level 2 in Axes
   618 | D:5      | Reached skill level 2 in Maces & Flails
   618 | D:5      | Reached skill level 2 in Polearms
   618 | D:5      | Reached skill level 2 in Staves
   618 | D:5      | Reached skill level 2 in Slings
   618 | D:5      | Reached skill level 2 in Bows
   618 | D:5      | Reached skill level 2 in Crossbows
   618 | D:5      | Reached skill level 2 in Throwing
   618 | D:5      | Reached skill level 2 in Armour
   618 | D:5      | Reached skill level 5 in Dodging
   618 | D:5      | Reached skill level 2 in Shields
   618 | D:5      | Reached skill level 2 in Unarmed Combat
   618 | D:5      | Reached skill level 2 in Evocations
   623 | D:5      | Learned a level 3 spell: Stone Arrow
   628 | D:5      | Learned a level 4 spell: Petrify
   783 | D:5      | Noticed a hippogriff
   790 | D:5      | Killed a hippogriff
   790 | D:5      | Reached XP level 7. HP: 55/55 MP: 15/15
   851 | D:5      | Killed a deep elf mage
   851 | D:5      | Reached skill level 3 in Fighting
   851 | D:5      | Reached skill level 3 in Short Blades
   851 | D:5      | Reached skill level 3 in Long Blades
   851 | D:5      | Reached skill level 3 in Axes
   851 | D:5      | Reached skill level 3 in Maces & Flails
   851 | D:5      | Reached skill level 3 in Polearms
   851 | D:5      | Reached skill level 3 in Staves
   851 | D:5      | Reached skill level 3 in Slings
   851 | D:5      | Reached skill level 3 in Bows
   851 | D:5      | Reached skill level 3 in Crossbows
   851 | D:5      | Reached skill level 3 in Throwing
   851 | D:5      | Reached skill level 3 in Armour
   851 | D:5      | Reached skill level 5 in Stealth
   851 | D:5      | Reached skill level 3 in Shields
   851 | D:5      | Reached skill level 3 in Unarmed Combat
   851 | D:5      | Reached skill level 2 in Conjurations
   851 | D:5      | Reached skill level 2 in Hexes
   851 | D:5      | Reached skill level 2 in Charms
   851 | D:5      | Reached skill level 2 in Summonings
   851 | D:5      | Reached skill level 2 in Necromancy
   851 | D:5      | Reached skill level 2 in Translocations
   851 | D:5      | Reached skill level 3 in Transmutations
   851 | D:5      | Reached skill level 2 in Fire Magic
   851 | D:5      | Reached skill level 2 in Ice Magic
   851 | D:5      | Reached skill level 2 in Air Magic
   851 | D:5      | Reached skill level 6 in Earth Magic
   851 | D:5      | Reached skill level 2 in Poison Magic
   851 | D:5      | Reached skill level 3 in Invocations
   851 | D:5      | Reached skill level 3 in Evocations
   851 | D:5      | Reached XP level 8. HP: 63/63 MP: 16/16
   988 | D:6      | Reached skill level 6 in Spellcasting
  1210 | D:7      | Got an ancient quarterstaff
  1211 | D:7      | Identified the +0 quarterstaff "Ifowolor" {holy, rElec rF- rC- Str+8} (You found it on level 7 of the Dungeon)
  1261 | D:6      | Found a glowing drain.
  1295 | Sewer    | Entered a sewer
  1372 | Sewer    | Found a glowing silver altar of Zin.
  1718 | D:4      | Noticed Goblin1989's ghost (amateur TrHu)
  1752 | D:4      | Killed Goblin1989's ghost
  1752 | D:4      | Reached skill level 3 in Conjurations
  1752 | D:4      | Reached skill level 3 in Hexes
  1752 | D:4      | Reached skill level 3 in Charms
  1752 | D:4      | Reached skill level 3 in Summonings
  1752 | D:4      | Reached skill level 3 in Necromancy
  1752 | D:4      | Reached skill level 3 in Translocations
  1752 | D:4      | Reached skill level 3 in Fire Magic
  1752 | D:4      | Reached skill level 3 in Ice Magic
  1752 | D:4      | Reached skill level 3 in Air Magic
  1752 | D:4      | Reached skill level 3 in Poison Magic
  1752 | D:4      | Reached skill level 4 in Invocations
  1938 | D:4      | Reached XP level 9. HP: 42/71 MP: 18/18
  1945 | D:4      | Reached skill level 6 in Dodging
  2348 | D:7      | Noticed anet's ghost (novice DEWz)
  2354 | D:7      | Killed anet's ghost
  2354 | D:7      | Reached skill level 4 in Fighting
  2354 | D:7      | Reached skill level 4 in Short Blades
  2354 | D:7      | Reached skill level 4 in Long Blades
  2354 | D:7      | Reached skill level 4 in Axes
  2354 | D:7      | Reached skill level 4 in Maces & Flails
  2354 | D:7      | Reached skill level 4 in Polearms
  2354 | D:7      | Reached skill level 4 in Staves
  2354 | D:7      | Reached skill level 4 in Slings
  2354 | D:7      | Reached skill level 4 in Bows
  2354 | D:7      | Reached skill level 4 in Crossbows
  2354 | D:7      | Reached skill level 4 in Throwing
  2354 | D:7      | Reached skill level 4 in Armour
  2354 | D:7      | Reached skill level 4 in Shields
  2354 | D:7      | Reached skill level 4 in Unarmed Combat
  2354 | D:7      | Reached skill level 4 in Transmutations
  2354 | D:7      | Reached skill level 4 in Evocations
  2372 | D:7      | Reached skill level 6 in Stealth
  2383 | D:7      | Found a stormy altar of Qazlal.
  2408 | D:6      | Found a sacrificial altar of Ru.
  2531 | D:7      | Reached skill level 5 in Invocations
  2638 | D:7      | Found a staircase to the Ecumenical Temple.
  2645 | Temple   | Entered the Ecumenical Temple
  2661 | Temple   | Became a worshipper of Cheibriados the Contemplative
  2714 | D:7      | Reached XP level 10. HP: 68/80 MP: 20/20
  2783 | D:8      | Learned a level 5 spell: Lee's Rapid Deconstruction
  2823 | D:8      | Reached skill level 7 in Spellcasting
  2855 | D:8      | Reached skill level 4 in Conjurations
  2855 | D:8      | Reached skill level 4 in Hexes
  2855 | D:8      | Reached skill level 4 in Charms
  2855 | D:8      | Reached skill level 4 in Summonings
  2855 | D:8      | Reached skill level 4 in Necromancy
  2855 | D:8      | Reached skill level 4 in Translocations
  2855 | D:8      | Reached skill level 4 in Fire Magic
  2855 | D:8      | Reached skill level 4 in Ice Magic
  2855 | D:8      | Reached skill level 4 in Air Magic
  2855 | D:8      | Reached skill level 4 in Poison Magic
  2885 | D:8      | Noticed Pikel
  2909 | D:8      | Killed Pikel
  2909 | D:8      | Reached skill level 5 in Fighting
  2909 | D:8      | Reached skill level 5 in Short Blades
  2909 | D:8      | Reached skill level 5 in Long Blades
  2909 | D:8      | Reached skill level 5 in Axes
  2909 | D:8      | Reached skill level 5 in Maces & Flails
  2909 | D:8      | Reached skill level 5 in Polearms
  2909 | D:8      | Reached skill level 5 in Staves
  2909 | D:8      | Reached skill level 5 in Slings
  2909 | D:8      | Reached skill level 5 in Bows
  2909 | D:8      | Reached skill level 5 in Crossbows
  2909 | D:8      | Reached skill level 5 in Throwing
  2909 | D:8      | Reached skill level 5 in Armour
  2909 | D:8      | Reached skill level 5 in Shields
  2909 | D:8      | Reached skill level 5 in Unarmed Combat
  2909 | D:8      | Reached skill level 5 in Evocations
  2990 | D:8      | Noticed Erica
  2997 | D:8      | Killed Erica
  2997 | D:8      | Reached skill level 7 in Dodging
  2997 | D:8      | Reached skill level 7 in Earth Magic
  2998 | D:8      | Noticed a two-headed ogre
  3010 | D:8      | Killed a two-headed ogre
  3010 | D:8      | Reached skill level 5 in Transmutations
  3010 | D:8      | Reached skill level 6 in Invocations
  3036 | D:8      | Found a bloodstained altar of Trog.
  3066 | D:8      | Reached * piety under Cheibriados
  3066 | D:8      | Reached skill level 7 in Stealth
  3121 | D:8      | Noticed Joseph
  3131 | D:8      | Killed Joseph
  3240 | D:8      | Reached XP level 11. HP: 71/89 MP: 12/22
  3369 | D:10     | Entered Level 10 of the Dungeon
  3586 | D:9      | Reached ** piety under Cheibriados
  3587 | D:9      | Found a white marble altar of Elyvilon.
  3773 | D:10     | Reached skill level 6 in Fighting
  3773 | D:10     | Reached skill level 6 in Short Blades
  3773 | D:10     | Reached skill level 6 in Long Blades
  3773 | D:10     | Reached skill level 6 in Axes
  3773 | D:10     | Reached skill level 6 in Maces & Flails
  3773 | D:10     | Reached skill level 6 in Polearms
  3773 | D:10     | Reached skill level 6 in Staves
  3773 | D:10     | Reached skill level 6 in Slings
  3773 | D:10     | Reached skill level 6 in Bows
  3773 | D:10     | Reached skill level 6 in Crossbows
  3773 | D:10     | Reached skill level 6 in Throwing
  3773 | D:10     | Reached skill level 6 in Armour
  3773 | D:10     | Reached skill level 6 in Shields
  3773 | D:10     | Reached skill level 6 in Unarmed Combat
  3773 | D:10     | Reached skill level 5 in Conjurations
  3773 | D:10     | Reached skill level 5 in Hexes
  3773 | D:10     | Reached skill level 5 in Charms
  3773 | D:10     | Reached skill level 5 in Summonings
  3773 | D:10     | Reached skill level 5 in Necromancy
  3773 | D:10     | Reached skill level 5 in Translocations
  3773 | D:10     | Reached skill level 5 in Fire Magic
  3773 | D:10     | Reached skill level 5 in Ice Magic
  3773 | D:10     | Reached skill level 5 in Air Magic
  3773 | D:10     | Reached skill level 5 in Poison Magic
  3773 | D:10     | Reached skill level 6 in Evocations
  3905 | D:10     | Reached skill level 8 in Spellcasting
  4001 | D:11     | Found a shimmering altar of Xom.
  4051 | D:11     | Reached *** piety under Cheibriados
  4097 | D:11     | Found a staircase to the Orcish Mines.
  4111 | D:11     | Noticed a two-headed ogre
  4116 | D:11     | Reached skill level 7 in Invocations
  4136 | D:11     | Killed a two-headed ogre
  4136 | D:11     | Reached skill level 8 in Dodging
  4157 | D:11     | Found Yrphugis's Book Boutique.
  4242 | D:11     | Reached **** piety under Cheibriados
  4257 | D:11     | Noticed a cyclops
  4267 | D:11     | Killed a cyclops
  4327 | D:11     | Bought a book of Battle for 520 gold pieces
  4330 | D:11     | Learned a level 2 spell: Song of Slaying
  4334 | D:11     | Learned a level 3 spell: Regeneration
  4338 | D:11     | Learned a level 3 spell: Spectral Weapon
  4371 | D:11     | Learned a level 2 spell: Shroud of Golubria
  4372 | Orc:1    | Entered Level 1 of the Orcish Mines
  4372 | Orc:1    | Noticed an orc sorcerer
  4375 | Orc:1    | Noticed an orc sorcerer
  4377 | Orc:1    | Noticed a sun demon
  4433 | D:11     | Reached skill level 6 in Transmutations
  4489 | D:11     | Found a staircase to the Lair.
  4536 | D:11     | Noticed a two-headed ogre
  4540 | D:11     | Killed a two-headed ogre
  4540 | D:11     | Reached skill level 8 in Stealth
  4540 | D:11     | Reached XP level 12. HP: 54/97 MP: 24/24
  4578 | Lair:1   | Entered Level 1 of the Lair of Beasts
  4582 | Lair:1   | Noticed Fannar
  4619 | Lair:1   | Reached skill level 8 in Earth Magic
  4739 | Lair:1   | Killed Fannar
  4739 | Lair:1   | Reached skill level 7 in Fighting
  4739 | Lair:1   | Reached skill level 7 in Short Blades
  4739 | Lair:1   | Reached skill level 7 in Long Blades
  4739 | Lair:1   | Reached skill level 7 in Axes
  4739 | Lair:1   | Reached skill level 7 in Maces & Flails
  4739 | Lair:1   | Reached skill level 7 in Polearms
  4739 | Lair:1   | Reached skill level 7 in Staves
  4739 | Lair:1   | Reached skill level 7 in Slings
  4739 | Lair:1   | Reached skill level 7 in Bows
  4739 | Lair:1   | Reached skill level 7 in Crossbows
  4739 | Lair:1   | Reached skill level 7 in Throwing
  4739 | Lair:1   | Reached skill level 7 in Armour
  4739 | Lair:1   | Reached skill level 7 in Shields
  4739 | Lair:1   | Reached skill level 7 in Unarmed Combat
  4739 | Lair:1   | Reached skill level 7 in Evocations
  5079 | Lair:2   | Reached skill level 6 in Conjurations
  5079 | Lair:2   | Reached skill level 6 in Hexes
  5079 | Lair:2   | Reached skill level 6 in Charms
  5079 | Lair:2   | Reached skill level 6 in Summonings
  5079 | Lair:2   | Reached skill level 6 in Necromancy
  5079 | Lair:2   | Reached skill level 6 in Translocations
  5079 | Lair:2   | Reached skill level 6 in Fire Magic
  5079 | Lair:2   | Reached skill level 6 in Ice Magic
  5079 | Lair:2   | Reached skill level 6 in Air Magic
  5079 | Lair:2   | Reached skill level 6 in Poison Magic
  5157 | Lair:2   | Noticed an eight-headed hydra
  5172 | Lair:2   | Killed an eight-headed hydra
  5172 | Lair:2   | Reached ***** piety under Cheibriados
  5172 | Lair:2   | Reached skill level 8 in Invocations
  5175 | Lair:2   | Reached skill level 9 in Spellcasting
  5271 | Lair:2   | Learned a level 4 spell: Summon Lightning Spire
  5419 | Lair:3   | Found a staircase to the Snake Pit.
  5510 | Lair:3   | Reached skill level 9 in Dodging
  5534 | Lair:3   | Noticed a four-headed hydra
  5548 | Lair:3   | Killed a four-headed hydra
  5562 | Lair:3   | Reached XP level 13. HP: 90/107 MP: 6/26
  5707 | Lair:3   | Got a warped spear
  5708 | Lair:3   | Identified the +8 spear "Rahymn" {elec, Int+2} (You found it on level 3 of the Lair of Beasts)
  5761 | Lair:3   | Found a staircase to the Swamp.
  5803 | Swamp:1  | Entered Level 1 of the Swamp
  5809 | Swamp:1  | Reached skill level 9 in Stealth
  5835 | Swamp:1  | Reached skill level 7 in Transmutations
  5904 | Swamp:2  | Reached skill level 8 in Fighting
  5904 | Swamp:2  | Reached skill level 8 in Short Blades
  5904 | Swamp:2  | Reached skill level 8 in Long Blades
  5904 | Swamp:2  | Reached skill level 8 in Axes
  5904 | Swamp:2  | Reached skill level 8 in Maces & Flails
  5904 | Swamp:2  | Reached skill level 8 in Polearms
  5904 | Swamp:2  | Reached skill level 8 in Staves
  5904 | Swamp:2  | Reached skill level 8 in Slings
  5904 | Swamp:2  | Reached skill level 8 in Bows
  5904 | Swamp:2  | Reached skill level 8 in Crossbows
  5904 | Swamp:2  | Reached skill level 8 in Throwing
  5904 | Swamp:2  | Reached skill level 8 in Armour
  5904 | Swamp:2  | Reached skill level 8 in Shields
  5904 | Swamp:2  | Reached skill level 8 in Unarmed Combat
  5904 | Swamp:2  | Reached skill level 8 in Evocations
  5952 | Swamp:2  | Noticed Jorgrun
  5961 | Swamp:2  | Killed Jorgrun
  6008 | Swamp:3  | Reached skill level 9 in Invocations
  6035 | Swamp:3  | Reached ****** piety under Cheibriados
  6081 | Swamp:4  | Entered Level 4 of the Swamp
  6164 | Swamp:4  | Noticed a thorn hunter
  6173 | Swamp:4  | Killed a thorn hunter
  6173 | Swamp:4  | Reached skill level 7 in Conjurations
  6173 | Swamp:4  | Reached skill level 7 in Hexes
  6173 | Swamp:4  | Reached skill level 7 in Charms
  6173 | Swamp:4  | Reached skill level 7 in Summonings
  6173 | Swamp:4  | Reached skill level 7 in Necromancy
  6173 | Swamp:4  | Reached skill level 7 in Translocations
  6173 | Swamp:4  | Reached skill level 7 in Fire Magic
  6173 | Swamp:4  | Reached skill level 7 in Ice Magic
  6173 | Swamp:4  | Reached skill level 7 in Air Magic
  6173 | Swamp:4  | Reached skill level 9 in Earth Magic
  6173 | Swamp:4  | Reached skill level 7 in Poison Magic
  6192 | Swamp:4  | HP: 1/108 [eight-headed hydra (12)]
  6192 | Swamp:4  | Mangled by an eight-headed hydra

Vault maps used:
D:1:      scummos_arrival_checkerplants
D:3:      nicolae_overflow_hidden_temple, first_bread
D:4:      corexii_shantytown
D:5:      cheibrodos_fzero, tgw_fedhas, nrook_loot_triangle
D:6:      portal_sewer_entry_f, nicolae_ru_path_of_blood
D:7:      old_forge, kennysheep_little_box, minmay_temple_entry_butterflies
D:8:      old_standard_altar, hangedman_pestilent_swarm, minmay_misc_feat_tiny,
          uniq_joseph, uniq_pikel, uniq_erica
D:9:      kennysheep_mini_moat, tgw_sif
D:11:     minmay_lair_entry_lava, david_orc_2, serial_shops, shop, basic_altar
Temple:   regret_index_temple_sphere_string
Lair:1:   serial_bayou_shore_b, uniq_fannar
Lair:3:   nicolae_swamp_entry_splash_gauntlet, minmay_snake_entry_six_corridors,
          beast_lair_carwin_6, serial_bayou_shore_b, infiniplex_staircase_pool_2
Lair:4:   minmay_lair_venomous_thicket, minmay_lair_drake_nest
Swamp:1:  hangedman_swamp_ruin_wall
Swamp:2:  nicolae_swamp_round_clearing, uniq_jorgrun
Swamp:3:  hangedman_swamp_cone, swamp_pool1
Swamp:4:  swamp
Orc:1:    enter_bailey_2, enter_volcano_4
Sewer:    sewer_kobolds

Skill      XL: |  1  2  3  4  5  6  7  8  9 10 11 12 13 |
---------------+----------------------------------------+-----
Transmutations | 2 3 4 5 6 7 |  7.3
Spellcasting   | 5 6 7 8 9 |  9.8
Invocations    | 1 2 3 4 5 6 7 8 9 |  9.2
Fighting       | 1 2 3 4 5 6 7 8 |  8.4
Short Blades   | 1 2 3 4 5 6 7 8 |  8.4
Long Blades    | 1 2 3 4 5 6 7 8 |  8.4
Axes           | 1 2 3 4 5 6 7 8 |  8.4
Maces & Flails | 1 2 3 4 5 6 7 8 |  8.4
Polearms       | 1 2 3 4 5 6 7 8 |  8.4
Staves         | 1 2 3 4 5 6 7 8 |  8.4
Slings         | 1 2 3 4 5 6 7 8 |  8.4
Bows           | 1 2 3 4 5 6 7 8 |  8.4
Crossbows      | 1 2 3 4 5 6 7 8 |  8.4
Throwing       | 1 2 3 4 5 6 7 8 |  8.4
Armour         | 1 2 3 4 5 6 7 8 |  8.4
Shields        | 1 2 3 4 5 6 7 8 |  8.4
Unarmed Combat | 1 2 3 4 5 6 7 8 |  8.4
Evocations     | 1 2 3 4 5 6 7 8 |  8.4
Conjurations   | 1 2 3 4 5 6 7 |  7.0
Hexes          | 1 2 3 4 5 6 7 |  7.0
Charms         | 1 2 3 4 5 6 7 |  7.0
Summonings     | 1 2 3 4 5 6 7 |  7.0
Necromancy     | 1 2 3 4 5 6 7 |  7.0
Translocations | 1 2 3 4 5 6 7 |  7.0
Fire Magic     | 1 2 3 4 5 6 7 |  7.0
Ice Magic      | 1 2 3 4 5 6 7 |  7.0
Air Magic      | 1 2 3 4 5 6 7 |  7.0
Poison Magic   | 1 2 3 4 5 6 7 |  7.0
Dodging        | 5 6 7 8 9 |  9.6
Stealth        | 5 6 7 8 9 |  9.4
Earth Magic    | 6 7 8 9 |  9.0

Action                   |  1- 3 |  4- 6 |  7- 9 | 10-12 | 13-15 || total
-------------------------+-------+-------+-------+-------+-------++-------
Melee: Spear             |     4 |     4 |     9 |       |    82 ||    99
       Bite              |     1 |       |    10 |    44 |    16 ||    71
       Kick              |       |     1 |    39 |   116 |    45 ||   201
       Quarterstaff      |       |       |    71 |    14 |       ||    85
       Hand axe          |       |       |    58 |   206 |    10 ||   274
       Punch             |       |       |     1 |    12 |     5 ||    18
       Flail             |       |       |       |     2 |       ||     2
       Scimitar          |       |       |       |       |     6 ||     6
Throw: Tomahawk          |       |       |       |       |     2 ||     2
 Cast: Sandblast         |    27 |    21 |    78 |     5 |       ||   131
       Stone Arrow       |       |     1 |    35 |   161 |     7 ||   204
       Passwall          |       |       |       |    17 |     1 ||    18
       Lee's Rapid Decon |       |       |       |    15 |       ||    15
       Shroud of Golubri |       |       |       |    10 |     4 ||    14
       Spectral Weapon   |       |       |       |     6 |    16 ||    22
       Regeneration      |       |       |       |     6 |     5 ||    11
       Summon Lightning  |       |       |       |     6 |    11 ||    17
Invok: Temporal Distorti |       |       |       |     1 |       ||     1
 Abil: Evoke Berserk Rag |       |       |     1 |       |       ||     1
Evoke: Wand              |       |       |     1 |    22 |     2 ||    25
  Use: Scroll            |     1 |     3 |     4 |    11 |     2 ||    21
       Potion            |       |       |     1 |     1 |     2 ||     4
 Stab: Sleeping          |       |       |     3 |     1 |     3 ||     7
       Paralysed         |       |       |     3 |    27 |       ||    30
       Distracted        |       |       |       |     1 |     8 ||     9
       Confused          |       |       |       |       |     1 ||     1
  Eat: Chunk             |       |     5 |     3 |     4 |       ||    12
       Royal jelly       |       |       |     2 |     2 |       ||     4
       Fruit             |       |       |       |     3 |       ||     3
Armor: Robe              |     1 |       |    21 |     4 |       ||    26
       Leather armour    |       |       |       |     2 |     5 ||     7
       Troll leather arm |       |       |       |    23 |     3 ||    26
Dodge: Dodged            |     4 |     9 |   180 |   250 |    96 ||   539
       Rpst.: Scimitar   |       |       |       |       |     1 ||     1

Table legend:
 A = Spawn XP
 B = Non-spawn XP
 C = Spawn XP percentage of total XP
 D = Spawn monster count
 E = Non-spawn monster count
 F = Spawn count percentage of total count
 G = Total turns spent on level
                    A         B        C        D         E        F      G
               +---------+---------+-------+---------+---------+-------+---------
         Total |       0 |   48051 |   0.0 |       0 |     360 |   0.0 |  6192
               +---------+---------+-------+---------+---------+-------+---------
           D:1 |       0 |       2 |   0.0 |       0 |       2 |   0.0 |    45
           D:2 |       0 |      39 |   0.0 |       0 |      10 |   0.0 |   228
           D:3 |       0 |      17 |   0.0 |       0 |       8 |   0.0 |   197
           D:4 |       0 |     867 |   0.0 |       0 |      54 |   0.0 |   694
           D:5 |       0 |    1493 |   0.0 |       0 |      22 |   0.0 |   528
           D:6 |       0 |     386 |   0.0 |       0 |      10 |   0.0 |   546
           D:7 |       0 |    1733 |   0.0 |       0 |      31 |   0.0 |   379
           D:8 |       0 |    4864 |   0.0 |       0 |      27 |   0.0 |   522
           D:9 |       0 |    1179 |   0.0 |       0 |      15 |   0.0 |   367
          D:10 |       0 |    1436 |   0.0 |       0 |      23 |   0.0 |   263
          D:11 |       0 |    6657 |   0.0 |       0 |      55 |   0.0 |   655
        Lair:1 |       0 |    3765 |   0.0 |       0 |      13 |   0.0 |   369
        Lair:2 |       0 |    5491 |   0.0 |       0 |      20 |   0.0 |   390
        Lair:3 |       0 |    4358 |   0.0 |       0 |      27 |   0.0 |   377
        Lair:4 |       0 |    1390 |   0.0 |       0 |       8 |   0.0 |    89
       Swamp:1 |       0 |    2118 |   0.0 |       0 |       3 |   0.0 |    90
       Swamp:2 |       0 |    6239 |   0.0 |       0 |       8 |   0.0 |   111
       Swamp:3 |       0 |    2385 |   0.0 |       0 |       6 |   0.0 |    77
       Swamp:4 |       0 |    3500 |   0.0 |       0 |       9 |   0.0 |   111
         Orc:1 |       0 |       3 |   0.0 |       0 |       1 |   0.0 |     7
         Sewer |       0 |     129 |   0.0 |       0 |       8 |   0.0 |   114
               +---------+---------+-------+---------+---------+-------+---------

Table legend:
 A = Turns spent in this place as a percentage of turns spent in the entire game.
 B = Non-inter-level travel turns spent in this place as a percentage of non-inter-level travel turns spent in the entire game.
 C = Inter-level travel turns spent in this place as a percentage of turns spent in this place.
 D = Turns resting spent in this place as a percentage of non-inter-level travel turns spent in this place.
 E = Turns spent auto-exploring this place as a percentage of non-inter-level travel turns spent in this place.
 F = Non-inter-level travel turns spent in this place divided by the number of levels of this place that you've seen.
                   A       B       C       D       E      F
               +-------+-------+-------+-------+-------+----------------------
         Total | 100.0 | 100.0 |   2.3 |   0.0 |   0.1 | 274.9
       Dungeon |  71.4 |  71.0 |   2.9 |   0.0 |   0.0 | 390.5
        Temple |   0.5 |   0.3 |  45.5 |   0.0 |  50.0 |  18.0
          Lair |  19.8 |  20.3 |   0.0 |   0.0 |   0.0 | 306.2
         Swamp |   6.3 |   6.4 |   0.0 |   0.0 |   0.0 |  97.2
  Orcish Mines |   0.1 |   0.1 |   0.0 |   0.0 |   0.0 |   7.0
         Sewer |   1.8 |   1.9 |   0.0 |   0.0 |   0.0 | 114.0
               +-------+-------+-------+-------+-------+----------------------

Table legend:
 A = Kills in this place as a percentage of kills in entire the game.
 B = Kills by you in this place as a percentage of kills by you in the entire game.
 C = Kills by friends in this place as a percentage of kills by friends in the entire game.
 D = Other kills in this place as a percentage of other kills in the entire game.
 E = Experience gained in this place as a percentage of experience gained in the entire game.
 F = Experience gained in this place divided by the number of levels of this place that you have seen.
                   A       B       C       D       E      F
               +-------+-------+-------+-------+-------+----------------------
         Total | 100.0 | 100.0 | 100.0 |   N/A | 100.0 | 2184.1
       Dungeon |  71.4 |  74.1 |   0.0 |   N/A |  38.9 | 1697.5
          Lair |  18.9 |  18.2 |  38.5 |   N/A |  31.2 | 3751.0
         Swamp |   7.2 |   5.2 |  61.5 |   N/A |  29.6 | 3560.5
  Orcish Mines |   0.3 |   0.3 |   0.0 |   N/A |   0.0 |   3.0
         Sewer |   2.2 |   2.3 |   0.0 |   N/A |   0.3 | 129.0
               +-------+-------+-------+-------+-------+----------------------

Vault maps used:
D:1:      scummos_arrival_checkerplants
D:3:      nicolae_overflow_hidden_temple, first_bread
D:4:      corexii_shantytown
D:5:      cheibrodos_fzero, tgw_fedhas, nrook_loot_triangle
D:6:      portal_sewer_entry_f, nicolae_ru_path_of_blood
D:7:      old_forge, kennysheep_little_box, minmay_temple_entry_butterflies
D:8:      old_standard_altar, hangedman_pestilent_swarm, minmay_misc_feat_tiny,
          uniq_joseph, uniq_pikel, uniq_erica
D:9:      kennysheep_mini_moat, tgw_sif
D:11:     minmay_lair_entry_lava, david_orc_2, serial_shops, shop, basic_altar
Temple:   regret_index_temple_sphere_string
Lair:1:   serial_bayou_shore_b, uniq_fannar
Lair:3:   nicolae_swamp_entry_splash_gauntlet, minmay_snake_entry_six_corridors,
          beast_lair_carwin_6, serial_bayou_shore_b, infiniplex_staircase_pool_2
Lair:4:   minmay_lair_venomous_thicket, minmay_lair_drake_nest
Swamp:1:  hangedman_swamp_ruin_wall
Swamp:2:  nicolae_swamp_round_clearing, uniq_jorgrun
Swamp:3:  hangedman_swamp_cone, swamp_pool1
Swamp:4:  swamp
Orc:1:    enter_bailey_2, enter_volcano_4
Sewer:    sewer_kobolds
